Map: Ice and Chrome LE

Players

CREAMPIELORD

  • Race: Protoss Protoss
  • League: Diamond
  • Spawn Location: 7:00

CoolDe - Winner!

  • Race: Terran Terran
  • Spawn Location: 1:00

VOD

Have the link to the VOD?

Description

Time

  • Played on: Sept. 26, 2020, 5:10 p.m.
  • Length: 6:30
Show
View Real Time Build Order
Export as new Build Order

CREAMPIELORD Protoss 

Build Orders:  

Get SALT Encoding   

  12  0:00  Probe  
  13  0:14  Pylon  
  13  0:18  Probe  
  14  0:30  Probe  
  14  0:35  Gateway  
  15  0:42  Probe  
  16  0:46  Assimilator  
  16  1:06  Probe  
  17  1:18  Probe  
  18  1:26  Cybernetics Core  
  18  1:27  Assimilator  
  18  1:30  Probe (Chrono Boost)  
  20  1:40  Probe (Chrono Boost)  
  20  1:45  Probe (Chrono Boost)  
  21  1:49  Pylon  
  21  1:57  Probe (Chrono Boost)  
  22  2:06  Probe (Chrono Boost)  
  23  2:11  Probe (Chrono Boost)  
  23  2:14  Stargate  
  24  2:17  Shield Battery  
  24  2:20  Pylon  
  24  2:23  Warp Gate  
  24  2:29  Gateway  
  23  2:48  Adept  
  23  2:50  Void Ray (Chrono Boost)  
  29  3:06  Gateway  
  29  3:16  Pylon  
  29  3:17  Void Ray (Chrono Boost)  
  33  3:33  Adept  
  35  3:48  Void Ray (Chrono Boost)  
  39  4:22  Void Ray (Chrono Boost)  
  43  4:33  Nexus  
  43  4:35  Pylon  
  39  4:52  Void Ray  
  37  5:09  Zealot x2  
  37  5:10  Zealot  
  37  5:11  Twilight Council  
  43  5:23  Probe  
  41  5:35  Probe  
  38  5:36  Stalker  
  32  5:47  Probe  
Show
View Real Time Build Order
Export as new Build Order

CoolDe Terran - Winner!

Build Orders:  

Get SALT Encoding   

  12  0:01  SCV  
  13  0:13  SCV  
  14  0:17  Supply Depot  
  14  0:25  SCV  
  15  0:31  Refinery  
  15  0:39  SCV  
  16  0:45  Barracks  
  16  0:51  SCV  
  17  0:58  Refinery  
  17  1:03  SCV  
  18  1:15  SCV  
  19  1:34  Orbital Command  
  19  1:35  Barracks Reactor  
  19  1:39  Supply Depot  
  19  1:54  Factory  
  20  2:01  SCV  
  20  2:12  Marine  
  20  2:13  Marine, SCV  
  22  2:26  SCV  
  23  2:33  Marine  
  23  2:34  Marine  
  25  2:38  SCV  
  25  2:41  Factory Tech Lab  
  25  2:43  Starport  
  26  2:50  SCV  
  27  2:51  Supply Depot  
  27  3:01  Siege Tank  
  27  3:02  SCV  
  31  3:13  Supply Depot  
  31  3:14  SCV  
  32  3:20  Fusion Core  
  32  3:22  Starport Tech Lab  
  32  3:28  Marine x2  
  34  3:38  Engineering Bay  
  34  3:45  Supply Depot  
  34  3:46  Marine x2  
  36  4:08  Battlecruiser  
  42  4:16  Missile Turret  
  42  4:17  Marine x2  
  44  4:27  Weapon Refit  
  44  4:35  Marine x2  
  46  4:39  Supply Depot  
  43  4:49  Missile Turret  
  43  4:51  Siege Tank  
  46  4:55  Marine  
  46  4:56  Marine  
  48  5:05  Missile Turret  
  48  5:13  Marine  
  49  5:14  Marine  
  51  5:43  Marine x2  
  51  6:01  Marine x2  
Tags
 
Add a new tag
Caveats
  • Supply blocks, unpowered buildings, or Contaminate may cause inaccurate times.
  • Supply counts are checked every 10 seconds.